 Dungeon Crawl Stone Soup version 0.31-a0-934-gf4fcaacff8 (webtiles) character file.

Game seed: 10040898477846999492

756 BinkBink the Carver (level 7, -2/56 HPs)
             Began as a Merfolk Monk on Oct 20, 2023.
             Was a Believer of Okawaru.
             Slain by an acid dragon (8 damage)
             ... on level 5 of the Dungeon.
             The game lasted 00:06:17 (5128 turns).

BinkBink the Carver (Merfolk Monk)                  Turns: 5128, Time: 00:06:18

Health: -2/56      AC:  2    Str: 11    XL:     7   Next: 79%
Magic:  7/7        EV: 16    Int: 10    God:    Okawaru [**....]
Gold:   242        SH:  0    Dex: 18    Spells: 6/6 levels left

rFire   . . .        a - +0 falchion
rCold   . . .        d - orb {light}
rNeg    . . .        b - +0 robe
rPois   .            (no helmet)
rElec   .            (no cloak)
rCorr   .            (no gloves)
SInv    .            (no boots)
Will    .....        (no amulet)
Stlth   +            (no ring)
HPRegen 0.29/turn    (no ring)
MPRegen 0.10/turn

%: no passive effects
@: glowing
A: (nimble swimmer 2), mertail
a: Renounce Religion, Heroism


You were on level 5 of the Dungeon.
You worshipped Okawaru.
Okawaru was pleased with you.
You visited 1 branch of the dungeon, and saw 5 of its levels.
You also visited: Sewer.

You collected 242 gold pieces.

Inventory:

Hand Weapons
 a - a +0 falchion (weapon)
Armour
 b - a +0 robe (worn)
 d - an orb of light (worn)
Jewellery
 k - a ring of protection from fire
Wands
 m - a wand of paralysis (4)
 o - a wand of roots (7)
Scrolls
 g - a scroll of fear {unknown}
 i - 5 scrolls of teleportation
 p - a scroll of revelation {unknown}
 q - a scroll of silence {unknown}
 r - a scroll of enchant weapon {unknown}
Potions
 c - 3 potions of curing
 f - 2 potions of brilliance
 h - a potion of might
 j - a potion of resistance {unknown}
 l - 7 potions of enlightenment
 n - a potion of cancellation
 s - 2 potions of haste {unknown}
 t - a potion of mutation {unknown}


   Skills:
 + Level 5.6 Fighting
 * Level 8.0 Long Blades
 + Level 6.7 Dodging


You had 6 spell levels left.
You didn't know any spells.
Your spell library contained the following spells:

 Spells                   Type           Power      Damage    Failure   Level
 Mephitic Cloud           Conj/Pois/Air  0%         N/A       75%         3
 Dimensional Bullseye     Hex/Tloc       0%         N/A       98%         4
 Iskenderun's Mystic Bla  Conj/Tloc      0%         2d3       98%         4
 Freezing Cloud           Conj/Ice/Air   0%         6-21      100%        5
 Conjure Ball Lightning   Conj/Air       0%         3x3d6     100%        6
 Tukima's Dance           Hex            Unusable   N/A       N/A         3

Dungeon Overview and Level Annotations

Branches:
Dungeon (5/15)              Sewer (visited)
 Temple: D:4-7

Altars:
Fedhas
Kikubaaqudgha
Okawaru
Uskayaw
Wu Jian
Zin

Annotations:
D:3 2 runed translucent doors, IndexError's ghost, amateur GrEE


Innate Abilities, Weirdness & Mutations

((You are very nimble when in or above water. (Stealth+, EV+, Speed+++)))
Your lower body shifts to a powerful aquatic tail in water.


Message History

The orc warrior shoots a bolt.
The bolt misses you.
The orc warrior unwields a +0 arbalest.
The orc warrior wields a +0 trident.
The orc warrior hits you with a +0 trident!
You hit the orc warrior but do no damage.
The orc warrior hits you with a +0 trident!
The orc wizard casts a spell.
The orc wizard flickers and vanishes!
Deactivating autopickup; reactivate with Ctrl-A.
The orc warrior unwields a +0 trident.
The orc warrior wields a +0 arbalest.
The orc warrior shoots a bolt.
The bolt misses you.
There is a stone staircase leading up here.
The orc warrior shoots a bolt.
The bolt hits you!
You climb upwards.
Reactivating autopickup.
There is a stone staircase leading down here.
HP restored.
Done exploring.
There is a stone staircase leading down here.
You climb downwards.
There is a stone staircase leading up here.
An acid dragon comes into view.
The acid dragon roars!
The acid dragon spits acid at you. The splash of acid hits you!
The acid dragon spits acid at you. The splash of acid hits you!!
You are too injured to fight recklessly!
The acid dragon bites you. The acid dragon closely misses you.
You hit the acid dragon.
The acid dragon is lightly wounded.
The acid dragon closely misses you. The acid dragon barely misses you.
You hit the acid dragon.
The acid dragon is lightly wounded.
The acid dragon bites you!
* * * LOW HITPOINT WARNING * * *
The acid dragon closely misses you.
You completely miss the acid dragon.
The acid dragon is lightly wounded.
The acid dragon bites you!
You die...

######.#.#.....##
#.#.....### #
#..###### # ##.# #
#.# # ####.####### #
#|.........# #
#..........# #
#.........@####
#######..........D..#
.................##.#
#######.#####(..... #
#.# #.####..# ###.#
..# ..# #####...#
##.# .# #.......# ...
# ..#####......


You could see an acid dragon.

Vanquished Creatures
  A water moccasin (D:5)
  2 ogres
  2 kobold brigands (Sewer)
  A hound (D:4)
  A jelly (D:4)
  An iguana (D:5)
  An orc wizard (D:5)
  A mummy (D:4)
  4 adders
  5 river rats
  2 worms
  4 dart slugs
  11 orcs
  6 ball pythons
  7 bats
  4 endoplasms
  5 giant cockroaches
  15 goblins
  14 hobgoblins
  15 jackals
  3 quokkas
  4 frilled lizards
  A hobgoblin zombie (D:4)
  10 kobolds
  A kobold zombie (D:4)
  2 orc zombies (D:4)
  7 rats
130 creatures vanquished.

Vanquished Creatures (others)
  A human (D:3)
1 creature vanquished.

Grand Total: 131 creatures vanquished

Notes
Turn   | Place    | Note
-------+----------+-------------------------------------------
     0 | D:1      | BinkBink the Merfolk Monk began the quest for the Orb.
     0 | D:1      | Reached XP level 1. HP: 18/18 MP: 1/1
   195 | D:1      | Reached XP level 2. HP: 22/24 MP: 2/2
   197 | D:1      | Reached skill level 4 in Long Blades
   602 | D:1      | Reached XP level 3. HP: 27/29 MP: 3/3
   857 | D:1      | Got Sif Muna's Atlas of Electrocution and the Snake
  1398 | D:2      | Reached XP level 4. HP: 31/37 MP: 4/4
  1510 | D:2      | Reached skill level 5 in Long Blades
  2033 | D:3      | Found an ancient bone altar of Kikubaaqudgha.
  2036 | D:3      | Noticed a human
  2037 | D:3      | Killed a human
  2243 | D:3      | Found a large runed translucent door.
  2244 | D:3      | Found a large runed translucent door.
  2246 | D:3      | Noticed IndexError's ghost (amateur GrEE)
  2405 | D:3      | Found a glowing drain.
  2412 | D:3      | Reached skill level 5 in Dodging
  2412 | D:3      | Reached XP level 5. HP: 34/42 MP: 5/5
  2425 | Sewer    | Entered a sewer
  2532 | Sewer    | Noticed a kobold brigand
  2534 | Sewer    | Noticed a kobold brigand
  2612 | Sewer    | Killed a kobold brigand
  2613 | Sewer    | Reached skill level 6 in Long Blades
  2617 | Sewer    | HP: 1/43 [kobold brigand/+0 dagger (4)]
  2829 | Sewer    | Killed a kobold brigand
  2830 | Sewer    | Reached XP level 6. HP: 37/49 MP: 6/6
  2891 | Sewer    | Found a white marble altar of Elyvilon.
  3070 | D:3      | Found an ornate altar of the Wu Jian Council.
  3187 | D:3      | Found a hide-covered altar of Uskayaw.
  3640 | D:4      | Reached skill level 5 in Fighting
  3664 | D:4      | Found a glowing silver altar of Zin.
  3680 | D:4      | Reached skill level 7 in Long Blades
  3696 | D:4      | Reached XP level 7. HP: 56/56 MP: 7/7
  4278 | D:5      | Entered Level 5 of the Dungeon
  4329 | D:5      | Found an iron altar of Okawaru.
  4336 | D:5      | Became a worshipper of Warmaster Okawaru
  4336 | D:5      | Reached * piety under Okawaru
  4336 | D:5      | Reached ** piety under Okawaru
  4448 | D:5      | Found a blossoming altar of Fedhas.
  4659 | D:5      | Reached skill level 8 in Long Blades
  5128 | D:5      | Slain by an acid dragon

Illustrated notes

Levels and vault maps discovered:
D:1:      spicycebolla_green_bress_n_ham, layout_loops_corners, minmay_bisected
D:2:      cheibrodos_greedy_goblins, layout_loops_ring
D:3:      layout_loops_cross, lemuel_round_altar, tgw_kikubaaqudgha,
          lemuel_crystal_altar, portal_sewer_entry_e,
          ebering_ghost_disaster_area
D:4:      layout_cave_pools, zin_statuary, minmay_mini_ossuary
D:5:      layout_rooms, mainiacjoe_overflow_small_starburst,
          fedhas_ov_isle_minmay, nicolae_overflow_crystal_walls,
          mainiacjoe_overflow_chevrons, overflow_temple_1_default,
          nicolae_the_louvre, uniq_grinder, uniq_blork_the_orc

Skill      XL: |  1  2  3  4  5  6  7 |
---------------+----------------------+-----
Long Blades    | 4 5 6 7 8 |  8.0
Fighting       | 4 5 |  5.6
Dodging        | 5 6 |  6.7

Action                     |  1- 3 |  4- 6 |  7- 9 || total
---------------------------+-------+-------+-------++-------
  Melee: Falchion          |   112 |   206 |    92 ||   410
         Tailslap          |       |     1 |       ||     1
    Use: Scroll            |       |     6 |     1 ||     7
         Potion            |       |     4 |       ||     4
 Armour: Robe              |    57 |    81 |    44 ||   182
  Dodge: Dodged            |    65 |   148 |    64 ||   277

Table legend: (Time is in decaauts)
 A = Elapsed time spent in this place.
 B = Non-inter-level travel time spent in this place.
 C = Inter-level travel time spent in this place.
 D = Time resting spent in this place.
 E = Time spent auto-exploring this place.
 F = Levels seen in this place.
 G = Mean time per level.
                   A        B        C        D        E       F      G
               +--------+--------+--------+--------+--------+-----+--------+
         Total |   5092 |   4941 |    151 |    588 |   3503 |   6 |  848.7 |
       Dungeon |   4615 |   4464 |    151 |    417 |   3357 |   5 |  923.0 |
         Sewer |    476 |    476 |      0 |    171 |    145 |   1 |  476.0 |
               +--------+--------+--------+--------+--------+-----+--------+

Top non-repeatable levels by time:
     D:1: 1133 daAuts
     D:4: 1122 daAuts
     D:3: 966 daAuts
     D:2: 872 daAuts
     D:5: 521 daAuts
   Sewer: 476 daAuts
